 Dungeon Crawl Stone Soup version 0.30-a0-626-gd6a5dd7a1f (webtiles) character file.

Game seed: 1110353376515149939

30 Rrauwl the Stinger (level 3, -3/29 HPs)
             Began as a Draconian Wanderer on Jan 11, 2023.
             Succumbed to Jessica's poison
             ... on level 2 of the Dungeon.
             The game lasted 00:04:56 (1166 turns).

Rrauwl the Stinger (Draconian Wanderer)             Turns: 1166, Time: 00:04:57

Health: -3/29      AC:  7    Str: 11    XL:     3   Next: 3%
Magic:  6/6        EV: 12    Int: 16    God:
Gold:   29         SH:  0    Dex: 11    Spells: 5/6 levels left

rFire   . . .      SeeInvis .    g - +0 spear
rCold   . . .      Faith    .    (no shield)
rNeg    . . .      Spirit   .    (body armour unavailable)
rPois   .          Reflect  .    (helmet restricted)
rElec   .          Harm     .    (no cloak)
rCorr   .          Rampage  .    c - +1 pair of gloves
Will    .....                    (no boots)
Stlth   +                        (no amulet)
HPRegen 0.24/turn                (no ring)
MPRegen 0.10/turn                (no ring)

@: lethally poisoned (-3 -> -36)
A: AC +5, unfitting armour, cold-blooded
a: no special abilities


You were on level 2 of the Dungeon.
You visited 1 branch of the dungeon, and saw 2 of its levels.

You collected 29 gold pieces.

Inventory:

Hand Weapons
 a - a +0 club
 g - a +0 spear (weapon)
Armour
 c - a +1 pair of gloves (worn)
Scrolls
 b - a scroll of fear
 d - 2 scrolls of teleportation
 e - a scroll of identify
Potions
 h - a potion of brilliance


   Skills:
 + Level 1.8 Fighting
 - Level 2.0 Dodging
 + Level 2.3 Spellcasting
 + Level 2.3 Ice Magic
 + Level 3.3 Poison Magic


You had 5 spell levels left.
You knew the following spells:

 Your Spells              Type           Power      Damage    Failure   Level
a - Freeze                Ice            36%        1d5       8%          1

Your spell library contained the following spells:

 Spells                   Type           Power      Damage    Failure   Level
 Sting                    Tmut/Pois      28%        1d4       11%         1
 Poisonous Vapours        Pois/Air       14%        N/A       16%         2
 Hailstorm                Conj/Ice       5%         3d4       36%         3
 Olgreb's Toxic Radiance  Pois           12%        N/A       45%         4
 Gell's Gravitas          Tloc           1%         N/A       52%         3
 Lesser Beckoning         Tloc           2%         N/A       52%         3
 Teleport Other           Tloc           1%         N/A       52%         3


Dungeon Overview and Level Annotations

Branches:
Dungeon (2/15)

Altars:

Annotations:
D:2 Jessica


Innate Abilities, Weirdness & Mutations

Your plain brown scales are hard. (AC +5)
You cannot fit into any form of body armour.
You are cold-blooded and may be slowed by cold attacks.


Message History

a +0 short sword; an orc corpse
Found an escape hatch in the floor.
Jessica the Apprentice Sorceress comes into view.
She is wielding a +2 dagger of venom.
Found a scroll of identify.
You reach to attack!
You closely miss Jessica. You hit Jessica.
Jessica is moderately wounded.
Jessica misses you.
You hit Jessica but do no damage.
Jessica is moderately wounded.
Jessica hits you with a +2 dagger of venom.
You are poisoned.
You aren't carrying any items that you can evoke.
Okay, then.
You hit Jessica but do no damage.
You tail-slap Jessica, but do no damage.
Jessica is moderately wounded.
You feel very sick. Jessica hits you but does no damage.
You are more poisoned.
You barely miss Jessica.
Jessica is moderately wounded.
You feel very sick.
Jessica hits you with a +2 dagger of venom.
You are lethally poisoned!
You closely miss Jessica. You tail-slap Jessica.
Jessica is moderately wounded.
You feel very sick.
Jessica shouts, "You're disturbing me!
I'll have to kill you!"
Jessica hits you with a +2 dagger of venom.
You are more poisoned.
You completely miss Jessica.
Jessica is moderately wounded.
* * * LOW HITPOINT WARNING * * *
You feel extremely sick. Jessica hits you but does no damage.
You are more poisoned.
You barely miss Jessica.
Jessica is moderately wounded.
You die...

.............#
############.#
#<#.........# #####
.#.#†#######.# .....
<#....######.#####......
...#.......).....#>....?
.#.o..................@.
....>.#########.@#.....
####.{.... ##@# #+#
#...o.o. #.# #.......
#.# ........ #..
........ #.# ....... #.#
#.# ..#


You could see Jessica.

Vanquished Creatures
  2 dart slugs (D:1)
  An orc (D:2)
  3 bats (D:1)
  An endoplasm (D:1)
  A giant cockroach (D:1)
  2 goblins (D:1)
  2 hobgoblins (D:1)
  2 kobolds (D:1)
  2 quokkas (D:1)
  A ball python (D:1)
  3 frilled lizards
  4 rats (D:1)
24 creatures vanquished.

Notes
Turn   | Place    | Note
-------+----------+-------------------------------------------
     0 | D:1      | Rrauwl the Draconian Wanderer began the quest for the Orb.
     0 | D:1      | Rrauwl set off with the following items: a +0 club, a
                  | scroll of fear, a +0 pair of gloves; and the following
                  | spells available to memorise: Freeze, Sting, Poisonous
                  | Vapours, Hailstorm, Olgreb's Toxic Radiance.
     0 | D:1      | Reached XP level 1. HP: 16/16 MP: 3/3
     2 | D:1      | Learned a level 1 spell: Freeze
   255 | D:1      | Reached XP level 2. HP: 13/23 MP: 1/5
  1045 | D:2      | Noticed a phantom
  1144 | D:2      | Reached XP level 3. HP: 28/29 MP: 6/6
  1152 | D:2      | Noticed Jessica
  1166 | D:2      | Succumbed to Jessica's poison

Illustrated notes

Levels and vault maps discovered:
D:1:      reono_arrival_forest_river, layout_basic, minivault_27
D:2:      cheibrodos_pilgrimage, layout_basic, basic_altar,
          hellmonk_ecumenical_altar_slurped_away, minmay_misc_feat_doors,
          uniq_jessica

Skill      XL: |  1  2 |
---------------+-------+-----
Dodging        | 2 |  2.0
Fighting       | |  1.8
Spellcasting   | |  2.3
Ice Magic      | |  2.3
Poison Magic   | |  3.3

Action                   || total
-------------------------++-------
Melee: Club              ||    72
       Tailslap          ||    12
       Spear             ||    46
 Cast: Freeze            ||     5
  Use: Scroll            ||     4
Armor: Skin              ||    44
Dodge: Dodged            ||    88

Table legend: (Time is in decaauts)
 A = Elapsed time spent in this place.
 B = Non-inter-level travel time spent in this place.
 C = Inter-level travel time spent in this place.
 D = Time resting spent in this place.
 E = Time spent auto-exploring this place.
 F = Levels seen in this place.
 G = Mean time per level.
                   A        B        C        D        E       F      G
               +--------+--------+--------+--------+--------+-----+--------+
         Total |   1200 |   1171 |     29 |    100 |    713 |   2 |  600.0 |
       Dungeon |   1200 |   1171 |     29 |    100 |    713 |   2 |  600.0 |
               +--------+--------+--------+--------+--------+-----+--------+

Top non-repeatable levels by time:
     D:1: 1025 daAuts
     D:2: 174 daAuts
